 Dungeon Sprint DCSS version 0.23-a0-726-g9fa1570 (webtiles) character file.

470 Lanoc the Grappler (level 6, -5/67 HPs)
             Began as a Troll Fighter on Jan 17, 2019.
             Was a Follower of Jiyva.
             Slain by an unseen horror (10 damage)
             ... in the Dungeon (Sprint IX: "|||||||||||||||||||||||||||||").
             The game lasted 00:01:09 (180 turns).

Lanoc the Grappler (Troll Fighter)                   Turns: 180, Time: 00:01:09

Health: -5/67      AC:  6    Str: 33    XL:     6   Next: 82%
Magic:  5/5        EV: 11    Int:  4    God:    Jiyva [*.....]
Gold:   0          SH: 11    Dex:  9    Spells: 5/5 levels left

rFire    . . .     SeeInvis .     - Unarmed
rCold    . . .     Gourm    +   b - +0 shield
rNeg     . . .     Faith    .   a - +0 robe
rPois    .         Spirit   .   (helmet restricted)
rElec    .         Reflect  .   o - +0 cloak
rCorr    .         Harm     .   (gloves unavailable)
MR       .....     NoTele   +   (boots unavailable)
Stlth    +.........             (no amulet)
HPRegen  0.61/turn              p - +3 ring of strength
MPRegen  0.09/turn              q - +3 ring of strength

@: no status effects
A: large, unfitting armour, claws 3, fast metabolism 3, gourmand, regeneration
1, shaggy fur 1, tough skin 2
a: Request Jelly, Renounce Religion


You were in the Dungeon.
You worshipped Jiyva.
Jiyva was aware of your devotion.
You were not hungry.

You visited 1 branch

Inventory:

Armour
 a - a +0 robe (worn)
 b - a +0 shield (worn)
 o - a +0 cloak (worn)
Jewellery
 p - a +3 ring of strength (left claw)
 q - a +3 ring of strength (right claw)
Wands
 n - a wand of acid (10)
Scrolls
 j - 2 scrolls of blinking
 l - 3 scrolls of remove curse
 m - 2 scrolls of amnesia
Potions
 c - a potion of might
 e - 5 potions of curing
 f - 3 potions of heal wounds
 g - a potion of haste
 h - 4 potions of magic
 i - a potion of berserk rage
 k - a potion of invisibility
Comestibles
 d - 2 rations


   Skills:
 + Level 6.0 Fighting
 + Level 6.0 Dodging
 + Level 6.0 Shields
 * Level 9.5 Unarmed Combat


You had 5 spell levels left.
You didn't know any spells.
Your spell library was empty.

Dungeon Overview and Level Annotations

Branches:
Dungeon (1/1)

Altars:
Cheibriados
Dithmenos
Elyvilon
Fedhas
Gozag
Hepliaklqana
Kikubaaqudgha
Makhleb
Nemelex Xobeh
Okawaru
Qazlal
Ru
Sif Muna
Trog
Uskayaw
Vehumet
Wu Jian
Xom
Yredelemnul
Zin
The Shining One
Beogh
Jiyva
Lugonu


Innate Abilities, Weirdness & Mutations

You are too large for most types of armour.
You have claws for hands.
Your metabolism is lightning-fast.
You like to eat raw meat.
Your natural rate of healing is unusually fast.
You are covered in fur. (AC +1)
You have very tough skin. (AC +2)


Message History

You claw the jackal zombie!
The jackal zombie is severely damaged.
The jackal zombie bites you.
You closely miss the jackal zombie.
The jackal zombie is severely damaged.
You block the jackal zombie's attack.
You scratch the jackal zombie.
You destroy the jackal zombie!
Something hits you.
Deactivating autopickup; reactivate with Ctrl-A.
You claw something! Something hits you. Something hits you! x2
You closely miss something. Something hits you! Something hits you!
You block something's attack.
You claw something! Something hits you!
* * * LOW HITPOINT WARNING * * *
Something hits you!
* * * LOW HITPOINT WARNING * * *
You miss something. Something hits you!
You die... ▓▓▓▓▓▓▓▓▓▓▓▓▓▓▓▓▓▓▓▓▓▓ |).[[..)......'.@..†.+ ▓▓▓▓▓▓▓▓▓▓▓▓▓▓▓▓▓▓▓▓▓▓

There were no monsters in sight!

Vanquished Creatures
  A hippogriff (D)
  An orc warrior (D)
  A phantom (D)
  A crimson imp (D)
  A hound (D)
  A worker ant (D)
  A dart slug (D)
  A leopard gecko (D)
  An orc (D)
  A bat skeleton (D)
  A bat zombie (D)
  A giant cockroach (D)
  A kobold (D)
  A quokka (D)
  A bat (D)
  A giant cockroach zombie (D)
  A jackal zombie (D)
  A rat (D)
18 creatures vanquished.

Vanquished Creatures (others)
  2 jellies (D)
  A worker ant (D)
3 creatures vanquished.

Grand Total: 21 creatures vanquished

Notes
Turn   | Place    | Note
-------+----------+-------------------------------------------
     0 | D        | Lanoc the Troll Fighter began the quest for the Orb.
     0 | D        | Reached XP level 1. HP: 22/22 MP: 0/0
    12 | D        | Reached skill level 3 in Unarmed Combat
    25 | D        | Reached XP level 2. HP: 29/29 MP: 1/1
    46 | D        | Found a roughly hewn altar of Beogh.
    46 | D        | Found a snail-covered altar of Cheibriados.
    46 | D        | Found a shadowy altar of Dithmenos.
    46 | D        | Found a white marble altar of Elyvilon.
    46 | D        | Found a blossoming altar of Fedhas.
    46 | D        | Found an opulent altar of Gozag.
    47 | D        | Found a hazy altar of Hepliaklqana.
    48 | D        | Found a viscous altar of Jiyva.
    49 | D        | Found an ancient bone altar of Kikubaaqudgha.
    50 | D        | Found a corrupted altar of Lugonu.
    51 | D        | Found a burning altar of Makhleb.
    52 | D        | Found a sparkling altar of Nemelex Xobeh.
    53 | D        | Found an iron altar of Okawaru.
    54 | D        | Found a stormy altar of Qazlal.
    55 | D        | Found a sacrificial altar of Ru.
    56 | D        | Became a worshipper of Jiyva Juruir the Shapeless
    57 | D        | Found a deep blue altar of Sif Muna.
    58 | D        | Found a bloodstained altar of Trog.
    59 | D        | Found a hide-covered altar of Uskayaw.
    60 | D        | Found a radiant altar of Vehumet.
    61 | D        | Found an ornate altar of the Wu Jian Council.
    62 | D        | Found a shimmering altar of Xom.
    63 | D        | Found a basalt altar of Yredelemnul.
    64 | D        | Found a glowing silver altar of Zin.
    65 | D        | Found a glowing golden altar of the Shining One.
    97 | D        | Noticed an orc warrior
    97 | D        | Noticed a hippogriff
   101 | D        | Reached skill level 4 in Unarmed Combat
   101 | D        | Reached XP level 3. HP: 37/37 MP: 2/2
   110 | D        | Killed an orc warrior
   110 | D        | Reached skill level 6 in Unarmed Combat
   110 | D        | Reached XP level 4. HP: 45/49 MP: 3/3
   110 | D        | Reached XP level 5. HP: 50/55 MP: 4/4
   115 | D        | Killed a hippogriff
   115 | D        | Reached skill level 5 in Fighting
   115 | D        | Reached skill level 5 in Dodging
   115 | D        | Reached skill level 5 in Shields
   115 | D        | Reached skill level 8 in Unarmed Combat
   115 | D        | Reached XP level 6. HP: 36/66 MP: 5/5
   117 | D        | Reached * piety under Jiyva
   166 | D        | Reached skill level 9 in Unarmed Combat
   180 | D        | Slain by an unseen horror

Vault maps used:
D:        linesprint

Skill      XL: |  1  2  3  4  5  6 |
---------------+-------------------+-----
Unarmed Combat | 3 4 6 8 9 |  9.5
Fighting       | 3 4 5 6 |  6.0
Dodging        | 3 4 5 6 |  6.0
Shields        | 3 4 5 6 |  6.0

Action                   |  1- 3 |  4- 6 || total
-------------------------+-------+-------++-------
Melee: Unarmed           |    34 |    20 ||    54
  Eat: Chunk             |     2 |       ||     2
Armor: Robe              |     8 |     5 ||    13
Dodge: Dodged            |    10 |     4 ||    14
Block: Shield            |    13 |     7 ||    20

Table legend:
 A = Non-vault XP
 B = Vault XP
 C = Vault XP percentage of total XP
 D = Non-vault monster count
 E = Vault monster count
 F = Vault count percentage of total count
                 A         B        C        D         E       F
            +---------+---------+-------+---------+---------+-------
      Total |       0 |     672 | 100.0 |       0 |      18 | 100.0
            +---------+---------+-------+---------+---------+-------
          D |       0 |     672 | 100.0 |       0 |      18 | 100.0
            +---------+---------+-------+---------+---------+-------
